 Dungeon Crawl Stone Soup version 0.31-a0-180-g519b7de00c (webtiles) character file.

Game seed: 3869726519087734876

13420 frimble the Martial Artist (level 12, -3/87 HPs)
             Began as an Octopode Warper on June 20, 2023.
             Was a Believer of Cheibriados.
             Slain by a freezing wraith (5 damage)
             ... on level 10 of the Dungeon.
             The game lasted 00:20:01 (12706 turns).

frimble the Martial Artist (Octopode Warper)       Turns: 12706, Time: 00:20:01

Health: -3/87      AC:  7    Str: 24    XL:     12   Next: 5%
Magic:  21/27      EV: 16    Int: 27    God:    Cheibriados [**....]
Gold:   634        SH:  0    Dex: 19    Spells: 13/19 levels left

rFire   + +          +
                       - Unarmed
rCold   + . .        (no shield)
rNeg    . . .        o - +2 hat {Will+}
rPois   +            (no amulet)
rElec   +            h - ring of resist corrosion
rCorr   +            d - ring of the Rabble {rF+ Str+6 Int+4}
SInv    .            f - ring of protection from fire
Will    +....        j - +4 ring of protection
Stlth   ++++++       s - ring of wizardry
HPRegen 0.34/turn    y - ring of magical power
MPRegen 0.20/turn    (no ring)
                     (no ring)

%: wizardry (x1)
@: resistant, on blink cooldown, slowed, studying Stealth, very slow
A: almost no armour, amphibious, 8 rings, camouflage 1, gelatinous body 1,
(nimble swimmer 1), tentacles
a: Renounce Religion, Bend Time


You were on level 10 of the Dungeon.
You worshipped Cheibriados.
Cheibriados was pleased with you.
You visited 2 branches of the dungeon, and saw 11 of its levels.

You collected 1384 gold pieces.
You spent 750 gold pieces at shops.

Inventory:

Armour
 o - a +2 hat of willpower (worn)
Jewellery
 d - the ring of the Rabble (right tentacle) {rF+ Str+6 Int+4}
   (You acquired it on level 5 of the Dungeon)

   [ring of strength]

   Str:       It affects your strength (+6).
   Int:       It affects your intelligence (+4).
   rF:        It protects you from fire.
 f - a ring of protection from fire (on tentacle)
 h - a ring of resist corrosion (left tentacle)
 j - a +4 ring of protection (on tentacle)
 s - a ring of wizardry (on tentacle)
 y - a ring of magical power (on tentacle)
Wands
 x - a wand of charming (4)
Scrolls
 a - 4 scrolls of vulnerability
 c - 4 scrolls of teleportation
 e - 3 scrolls of enchant weapon
Potions
 b - a potion of invisibility
 g - 2 potions of enlightenment
 i - 3 potions of mutation
 k - a potion of curing
 m - 2 potions of lignification
 n - a potion of cancellation
 q - a potion of might
 u - 2 potions of brilliance {unknown}
 w - a potion of ambrosia
 z - 2 potions of magic {unknown}


   Skills:
 - Level 10.0 Fighting
 - Level 1.0 Throwing
 + Level 6.0 Dodging
 + Level 10.6 Stealth
 - Level 11.0 Unarmed Combat
 + Level 4.0 Spellcasting
 - Level 5.0 Conjurations
 - Level 5.0 Translocations
 + Level 6.1 Fire Magic
 + Level 3.2 Invocations
 + Level 3.1 Evocations


You had 13 spell levels left.
You knew the following spells:

 Your Spells              Type           Power      Damage    Failure   Level
a - Blink                 Tloc           64%        N/A       1%          2
b - Sticky Flame          Conj/Fire      35%        2d5       3%          4

Your spell library contained the following spells:

 Spells                   Type           Power      Damage    Failure   Level
 Magic Dart               Conj           100%       1d8       1%          1
 Lesser Beckoning         Tloc           64%        N/A       1%          2
 Searing Ray              Conj           64%        2d6       1%          2
 Teleport Other           Tloc           32%        N/A       1%          3
 Vhi's Electric Charge    Tloc/Air       38%        N/A       3%          3
 Sublimation of Blood     Necr           5%         N/A       4%          2
 Wereblood                Tmut           5%         N/A       4%          2
 Ignite Poison            Fire/Tmut/Pois 16%        N/A       4%          3
 Manifold Assault         Tloc           32%        N/A       4%          4
 Fulminant Prism          Conj/Hex       9%         3d7       12%         4
 Storm Form               Tmut/Air       2%         N/A       100%        7
 Summon Hydra             Summ           2%         N/A       100%        7
 Ignition                 Fire           19%        3d7       100%        8


Dungeon Overview and Level Annotations

Branches:
Dungeon (10/15)            Temple (1/1) D:6             Orc (0/2) D:10
   Lair: D:8-11

Altars:
Ashenzari
Cheibriados
Dithmenos
Elyvilon
Fedhas
Gozag
Hepliaklqana
Kikubaaqudgha
Makhleb
Nemelex Xobeh
Okawaru
Qazlal
Ru
Sif Muna
Trog
Uskayaw
Vehumet
Wu Jian
Xom
Yredelemnul
Zin
The Shining One

Shops:
D:1 ?   D:4 !


Innate Abilities, Weirdness & Mutations

You cannot wear most types of armour.
You are amphibious.
You can wear up to eight rings at the same time.
Your skin changes colour to match your surroundings (Stealth+).
Your rubbery body absorbs attacks. (AC +1, EV +1)
((You are camouflaged when in or above water. (Stealth+)))
You have tentacles for arms and can constrict up to eight enemies at once.


Message History

The freezing wraith hits you. The freezing wraith freezes you! You resist.
The freezing wraith hits you! The freezing wraith drains your vigour!
You feel as though you will be slow longer.
You tentacle-slap the freezing wraith.
You tentacle-slap the freezing wraith, but do no damage.
The freezing wraith is heavily damaged.
The freezing wraith hits you!
* * * LOW HITPOINT WARNING * * *
The freezing wraith freezes you! You resist.
* * * LOW HITPOINT WARNING * * *
The freezing wraith hits you.
* * * LOW HITPOINT WARNING * * *
The freezing wraith drains your vigour!
You feel as though you will be slow longer.
The freezing wraith barely misses you. The freezing wraith misses you.
You tentacle-slap the freezing wraith but do no damage.
You tentacle-slap the freezing wraith, but do no damage.
The freezing wraith is heavily damaged.
The freezing wraith barely misses you.
The freezing wraith hits you but does no damage.
Casting: Blink (safe; 1% risk of failure)
Confirm with . or Enter, or press ? or * to list all spells.
You blink.
Aiming: Charm
Press: ? - help, Shift-Dir - straight line, f/p - freezing wraith
Aim: a freezing wraith (heavily damaged, chance to affect: 38%)
Okay, then.
Unknown command.
You feel better.
You feel stable enough to blink again. The freezing wraith barely misses you.
The freezing wraith hits you!
* * * LOW HITPOINT WARNING * * *
Okay, then.
Unknown command.
Casting: Blink (safe; 1% risk of failure)
Confirm with . or Enter, or press ? or * to list all spells.
You blink.
The freezing wraith hits you.
* * * LOW HITPOINT WARNING * * *
The freezing wraith freezes you. You resist.
You die...

######.....## #.......# #
##.....### #.......# # ##......##
##.......#####
##......####............#
###.....##...##.........
##.......#####.######. ####
##.ยง...## ### #. ##..## ##W..##
##. ##....####.@..###### #..
#......##..........#######..
#..............)........#...
######.......########............
....##.......# #######.....#
#............## ####..#
######........# ##.# ##.......#
#.# #.......# #..


You could see a freezing wraith.

Vanquished Creatures
  Gastronok (D:10)
  A centaur warrior (D:10)
  4 two-headed ogres
  A skeletal warrior (D:10)
  A cyclops (D:10)
  A manticore (D:10)
  A kobold demonologist (D:10)
  Psyche (D:10)
  A troll (D:10)
  Sigmund (D:2)
  A shadow (D:10)
  A vampire (D:10)
  4 wraiths
  A wyvern (D:7)
  3 steam dragons
  A vampire mosquito (D:6)
  An acid dragon (D:10)
  2 water moccasins
  3 orc warriors (D:10)
  2 ice beasts
  A sky beast (D:6)
  A black bear (D:4)
  4 ogres
  6 centaurs
  A kobold brigand (D:8)
  A gnoll sergeant (D:8)
  5 bullfrogs
  7 scorpions
  2 howler monkeys
  5 hounds
  A jelly (D:8)
  6 orc priests
  A gnoll bouda (D:8)
  Terence (D:3)
  3 iguanas
  A sleepcap (D:6)
  8 orc wizards
  7 adders
  11 gnolls
  A white imp (D:7)
  2 ufetubi
  2 worms
  3 dart slugs
  26 orcs
  6 ball pythons
  6 endoplasms
  2 giant cockroaches
  11 goblins
  7 hobgoblins
  10 jackals
  9 kobolds
  3 quokkas
  4 bats
  3 frilled lizards
  7 rats
206 creatures vanquished.

Notes
Turn   | Place    | Note
-------+----------+-------------------------------------------
     0 | D:1      | frimble the Octopode Warper began the quest for the Orb.
     0 | D:1      | Reached XP level 1. HP: 14/14 MP: 3/3
   201 | D:1      | Reached XP level 2. HP: 16/19 MP: 5/5
   401 | D:1      | Found Nuoh's Magic Scroll Shoppe.
   514 | D:1      | Reached skill level 3 in Unarmed Combat
   925 | D:2      | Reached XP level 3. HP: 23/24 MP: 6/6
   999 | D:2      | Noticed Sigmund
  1013 | D:2      | Killed Sigmund
  1014 | D:2      | Reached skill level 5 in Unarmed Combat
  1014 | D:2      | Reached XP level 4. HP: 14/29 MP: 7/7
  1014 | D:2      | Reached XP level 5. HP: 16/34 MP: 8/8
  1597 | D:3      | Reached skill level 6 in Unarmed Combat
  1632 | D:3      | Reached XP level 6. HP: 36/39 MP: 9/9
  1722 | D:3      | Found a white marble altar of Elyvilon.
  1979 | D:3      | Found a bloodstained altar of Trog.
  2278 | D:3      | Noticed Terence
  2282 | D:3      | Learned a level 2 spell: Blink
  2287 | D:3      | Killed Terence
  2360 | D:3      | Found a stormy altar of Qazlal.
  2402 | D:3      | Reached skill level 1 in Stealth
  3118 | D:5      | Entered Level 5 of the Dungeon
  3200 | D:5      | Identified a scroll of acquirement
  3200 | D:5      | Acquired the ring of the Rabble {rF+ Str+6 Int+4}
  3327 | D:5      | Learned a level 4 spell: Sticky Flame
  3398 | D:5      | Reached XP level 7. HP: 46/46 MP: 10/10
  3517 | D:5      | Reached skill level 1 in Conjurations
  3517 | D:5      | Reached skill level 1 in Fire Magic
  4215 | D:4      | Reached XP level 8. HP: 44/54 MP: 11/11
  4357 | D:4      | Found Jyegriann's Distillery.
  4483 | D:4      | You fall into a shaft and drop 2 floors!
  4750 | D:6      | Identified the +4 scale mail of the King of the Hill
                  | {Str+2}
  4977 | D:6      | Reached skill level 5 in Stealth
  5441 | D:7      | Noticed a wraith
  5510 | D:7      | Noticed a wyvern
  5715 | D:6      | Reached skill level 5 in Dodging
  5715 | D:6      | Reached XP level 9. HP: 47/60 MP: 7/12
  5763 | D:6      | Reached skill level 5 in Fighting
  5925 | D:6      | Found a staircase to the Ecumenical Temple.
  5986 | Temple   | Entered the Ecumenical Temple
  6286 | Temple   | Became a worshipper of Cheibriados the Contemplative
  6588 | D:6      | Acquired 744 gold pieces
  6684 | D:4      | Bought a potion of experience for 500 gold pieces
  6684 | D:4      | Bought a potion of curing for 30 gold pieces
  6684 | D:4      | Bought a potion of cancellation for 80 gold pieces
  6684 | D:4      | Bought a potion of resistance for 100 gold pieces
  6684 | D:4      | Bought a potion of might for 40 gold pieces
  6685 | D:4      | Reached skill level 10 in Unarmed Combat
  6685 | D:4      | Reached XP level 10. HP: 66/75 MP: 13/13
  7365 | D:7      | Found a blossoming altar of Fedhas.
  7705 | D:8      | Reached * piety under Cheibriados
  9340 | D:9      | Reached ** piety under Cheibriados
  9387 | D:9      | Noticed a two-headed ogre
  9402 | D:9      | Killed a two-headed ogre
  9403 | D:9      | Reached skill level 5 in Conjurations
  9403 | D:9      | Reached skill level 5 in Fire Magic
  9403 | D:9      | Reached XP level 11. HP: 27/81 MP: 2/14
  9724 | D:9      | Noticed a two-headed ogre
  9728 | D:9      | Killed a two-headed ogre
  9729 | D:9      | Reached skill level 10 in Fighting
  9873 | D:9      | Found a stormy altar of Qazlal.
  9880 | D:9      | Found a broken altar of Ashenzari.
  9880 | D:9      | Found a snail-covered altar of Cheibriados.
  9882 | D:9      | Found a white marble altar of Elyvilon.
  9882 | D:9      | Found a sparkling altar of Nemelex Xobeh.
  9882 | D:9      | Found a shimmering altar of Xom.
 10326 | D:10     | Entered Level 10 of the Dungeon
 10731 | D:10     | Noticed a centaur warrior
 10737 | D:10     | Killed a centaur warrior
 10738 | D:10     | Reached skill level 1 in Evocations
 10819 | D:10     | Reached skill level 1 in Invocations
 10828 | D:10     | Noticed Psyche
 11042 | D:10     | Reached skill level 5 in Translocations
 11078 | D:10     | Noticed a manticore
 11092 | D:10     | Noticed a two-headed ogre
 11107 | D:10     | Killed a two-headed ogre
 11206 | D:10     | Noticed a skeletal warrior
 11451 | D:6      | Reached skill level 11 in Unarmed Combat
 11707 | D:10     | Killed a manticore
 11828 | D:10     | Found a staircase to the Orcish Mines.
 11872 | D:10     | Noticed a two-headed ogre
 11879 | D:10     | Killed a two-headed ogre
 12095 | D:10     | Killed a skeletal warrior
 12096 | D:10     | Reached skill level 10 in Stealth
 12179 | D:10     | Noticed Gastronok
 12184 | D:10     | Killed Psyche
 12192 | D:10     | Killed Gastronok
 12193 | D:10     | Reached XP level 12. HP: 87/87 MP: 18/18
 12706 | D:10     | HP: 2/87 [freezing wraith (5)]
 12706 | D:10     | Slain by a freezing wraith

Illustrated notes

Levels and vault maps discovered:
D:1:      roderic_chinese_lattice_arrival, layout_loops_ring, serial_shops,
          shop, kennysheep_minor_cross
D:2:      layout_rooms, uniq_sigmund
D:3:      layout_basic, mainiacjoe_overflow_cross_hatched,
          mainiacjoe_overflow_alcove_4, lightli_temple_of_fire,
          minmay_close_crescents, uniq_terence
D:4:      layout_basic, amcnicky_mini_pool_small, nicolae_zen_rock_garden,
          nicolae_stop_n_shop_2, eino_curves_03
D:5:      layout_basic, chequers_serial_rivers_small_3, moated_statue,
          minivault_24
D:6:      minmay_clustersquares, layout_cave_pools,
          minmay_temple_entry_sparse_star
D:7:      layout_basic, lemuel_doored_altar
D:8:      layout_gridville, minmay_manual_mares
D:9:      layout_basic, doesnt_xom_only_xom, minmay_misc_feat_rows,
          interstate_on_off
D:10:     layout_cave_pods, orc_0_dummy, minmay_shattered_shrine,
          uniq_gastronok, uniq_psyche
Temple:   minmay_temple_bridge_d

Skill      XL: |  1  2  3  4  5  6  7  8  9 10 11 |
---------------+----------------------------------+-----
Unarmed Combat | 3 5 6 10 11 | 11.0
Stealth        | 3 4 6 7 10 | 10.6
Dodging        | 3 5 6 |  6.0
Fighting       | 3 4 9 10 | 10.0
Conjurations   | 2 3 4 5 |  5.0
Fire Magic     | 1 3 4 5 6 |  6.1
Translocations | 4 5 |  5.0
Spellcasting   | 4 |  4.0
Evocations     | 3 |  3.1
Invocations    | 3 |  3.2
Throwing       | |  1.0

Action                     |  1- 3 |  4- 6 |  7- 9 | 10-12 || total
---------------------------+-------+-------+-------+-------++-------
  Melee: Unarmed           |    58 |   113 |   142 |   189 ||   502
         Constrict         |    12 |    30 |    36 |    26 ||   104
         Tentacles         |    11 |    36 |    32 |    48 ||   127
         Punch             |     2 |     8 |     7 |    16 ||    33
  Throw: Boomerang         |       |       |     7 |       ||     7
         Throwing net      |       |       |       |     1 ||     1
   Cast: Blink             |       |       |     4 |    11 ||    15
         Sticky Flame      |       |       |     4 |    21 ||    25
  Evoke: Wand              |       |       |     2 |     5 ||     7
    Use: Scroll            |     4 |     7 |     8 |     9 ||    28
         Potion            |     1 |       |     2 |     5 ||     8
   Stab: Sleeping          |     5 |     8 |     5 |    13 ||    31
         Distracted        |       |       |     1 |       ||     1
         Held in net/web   |       |       |       |     1 ||     1
 Armour: Skin              |     1 |     3 |    11 |    22 ||    37
  Dodge: Dodged            |    27 |    80 |    82 |   134 ||   323

Table legend: (Time is in decaauts)
 A = Elapsed time spent in this place.
 B = Non-inter-level travel time spent in this place.
 C = Inter-level travel time spent in this place.
 D = Time resting spent in this place.
 E = Time spent auto-exploring this place.
 F = Levels seen in this place.
 G = Mean time per level.
                   A        B        C        D        E       F      G
               +--------+--------+--------+--------+--------+-----+--------+
         Total |  14233 |  12955 |   1278 |    269 |  10830 |  11 | 1293.9 |
       Dungeon |  13841 |  12731 |   1110 |    269 |  10617 |  10 | 1384.1 |
        Temple |    391 |    224 |    167 |      0 |    213 |   1 |  391.0 |
               +--------+--------+--------+--------+--------+-----+--------+

Top non-repeatable levels by time:
    D:10: 2395 daAuts
     D:8: 1945 daAuts
     D:9: 1669 daAuts
     D:3: 1465 daAuts
     D:5: 1440 daAuts
     D:6: 1216 daAuts
     D:7: 1179 daAuts
     D:4: 1031 daAuts
     D:1: 849 daAuts
     D:2: 649 daAuts
  Temple: 391 daAuts
